 Dungeon Crawl Stone Soup version 0.31-a0-963-ga325b2283a (webtiles) character file.

Game seed: 14333142460176743001

1850 LeprechaunX the Changeling (level 9, -4/60 HPs)
             Began as an Octopode Shapeshifter on Oct 25, 2023.
             Killed from afar by Maggie (8 damage)
             ... with a bolt of fire
             ... on level 7 of the Dungeon.
             The game lasted 00:08:08 (6045 turns).

LeprechaunX the Changeling (Octopode Shapeshifter)  Turns: 6045, Time: 00:08:09

Health: -4/60      AC:  5    Str: 17    XL:     9   Next: 12%
Magic:  9/9        EV: 13    Int: 14    God:
Gold:   326        SH:  8    Dex: 23    Spells: 8/8 levels left

rFire   + + .        b - +9 hand axe of the Valley {heavy, rElec Int+3}
rCold   + . .        e - +2 buckler
rNeg    . . .        (helmet currently unavailable)
rPois   +            q - amulet of regeneration
rElec   +            i - ring of protection from fire
rCorr   +            u - +6 ring of strength
SInv    +            A - ring of False Hope {rPois AC+4 SInv}
Will    .....        (no ring)
Stlth   +++          (no ring)
HPRegen 1.10/turn    (no ring)
MPRegen 0.11/turn    (no ring)
                     (no ring)

%: no passive effects
@: mighty, beast-form, resistant, attractive, mesmerised
A: beast (slay +4), almost no armour, amphibious, 8 rings, camouflage 1,
gelatinous body 1, (nimble swimmer 1), tentacles, agile 2
a: Begin Untransformation


You were on level 7 of the Dungeon.
You were a hulking beast.
You visited 1 branch of the dungeon, and saw 7 of its levels.
You also visited: Sewer.

You collected 326 gold pieces.

Inventory:

Hand Weapons
 a - a +0 sling
 b - the +9 hand axe of the Valley (weapon) {heavy, rElec Int+3}
   (You found it on level 2 of the Dungeon)

   Int+3:     It affects your intelligence (+3).
   rElec:     It insulates you from electricity.
Missiles
 y - 2 javelins
Armour
 d - a +0 hat
 e - a +2 buckler (worn)
Jewellery
 i - a ring of protection from fire (left tentacle)
 q - an amulet of regeneration (around mantle)
 s - an amulet of magic regeneration
 t - an amulet of faith
 u - a +6 ring of strength (right tentacle)
 A - the ring of False Hope (on tentacle) {rPois AC+4 SInv}
   (You found it on level 3 of the Dungeon)

   [ring of protection]

   AC+4:      It affects your AC (+4).
   rPois:     It protects you from poison SInv: It lets you see invisible.
 D - an amulet of guardian spirit
 H - a +6 ring of strength
Talismans
 c - a flux talisman
 r - a beast talisman
Wands
 J - a wand of flame (21)
Scrolls
 g - a scroll of noise {unknown}
 h - 2 scrolls of vulnerability {unknown}
 k - 4 scrolls of teleportation {unknown}
 l - 2 scrolls of amnesia {unknown}
 m - 8 scrolls of identify {unknown}
 p - a scroll of summoning {unknown}
 v - a scroll of immolation {unknown}
 w - 3 scrolls of poison {unknown}
 C - 2 scrolls of enchant weapon {unknown}
 E - a scroll of revelation {unknown}
 F - a scroll of enchant armour {unknown}
 K - a scroll of blinking {unknown}
Potions
 f - 2 potions of magic {unknown}
 j - 2 potions of mutation
 n - 2 potions of heal wounds
 o - a potion of attraction
 x - a potion of berserk rage {unknown}
 z - a potion of brilliance {unknown}
 B - a potion of might
 G - a potion of lignification
 I - a potion of cancellation {unknown}
 L - a potion of invisibility {unknown}
 M - a potion of resistance
 N - a potion of ambrosia {unknown}


   Skills:
 + Level 4.9 Fighting
 + Level 3.5 Ranged Weapons
 - Level 2.0 Dodging
 + Level 4.4 Shields
 + Level 5.6 Unarmed Combat
 * Level 7.0 Shapeshifting


You had 8 spell levels left.
You didn't know any spells.
Your spell library contained the following spells:

 Spells                   Type           Power      Damage    Failure   Level
 Apportation              Tloc           0%         N/A       36%         1
 Freeze                   Ice            0%         1d3       36%         1
 Necrotise                Necr           0%         1d4       36%         1
 Summon Small Mammal      Summ           0%         N/A       36%         1
 Wereblood                Tmut           0%         N/A       50%         2
 Dazzling Flash           Conj/Hex       0%         N/A       73%         3
 Frozen Ramparts          Ice            0%         1d1       73%         3
 Hailstorm                Conj/Ice       0%         3d3       73%         3
 Agony                    Necr           0%         N/A       100%        5
 Irradiate                Conj/Tmut      0%         3d11      100%        5
 Iskenderun's Battlesphe  Conj           0%         2d6       100%        5
 Silence                  Hex/Air        0%         N/A       100%        5
 Bombard                  Conj/Erth      0%         9d1       100%        6
 Spellforged Servitor     Conj/Summ      0%         N/A       100%        7


Dungeon Overview and Level Annotations

Branches:
Dungeon (7/15)              Sewer (visited)
 Temple: D:4-7

Altars:
Cheibriados
Makhleb
Qazlal
Trog

Shops:
D:4 [   D:7 :

Annotations:
D:5 1 runed translucent door, Crazy Yiuf
D:7 Maggie


Innate Abilities, Weirdness & Mutations

You are a hulking beast.
Your limbs bulge with bestial killing power. (Slay +4)
You cannot wear most types of armour.
You are amphibious.
You can wear up to eight rings at the same time.
Your skin changes colour to match your surroundings (Stealth+).
Your rubbery body absorbs attacks. (AC +1, EV +1)
((You are camouflaged when in or above water. (Stealth+)))
You have tentacles for arms and can constrict up to eight enemies at once.
You are very agile. (Dex +8, Str/Int -2)


Message History

The sling bullet hits Maggie but does no damage.
Maggie is moderately wounded.
Maggie misses you. You block the orc wizard's attack.
Maggie hits you with a +1 glaive of freezing!
* * * LOW HITPOINT WARNING * * *
Maggie freezes you.
* * * LOW HITPOINT WARNING * * *
You feel clever.
b - the +9 hand axe of the Valley (weapon)
{heavy, rElec Int+3} You slash Maggie!
Your grab misses Maggie. You squeeze Maggie.
Maggie is heavily wounded.
You slash the orc wizard!
The orc wizard gestures at you while chanting.
You are confused.
Maggie mumbles some strange words.
Maggie draws you further into her thrall.
The orc wizard hits you but does no damage.
Maggie barely misses you.
You're too confused to move!
The orc wizard closely misses you. Maggie closely misses you.
You bump into the crystal wall.
The orc wizard barely misses you.
Maggie hits you with a +1 glaive of freezing.
* * * LOW HITPOINT WARNING * * *
Maggie freezes you.
* * * LOW HITPOINT WARNING * * *
Unknown command.
You slice the orc wizard!!
You kill the orc wizard!
You slash Maggie! Maggie misses you. Maggie closely misses you.
Unknown command.
You slash Maggie!
Maggie is almost dead.
You feel less confused.
Maggie hits you with a +1 glaive of freezing!
* * * LOW HITPOINT WARNING * * *
Maggie freezes you.
* * * LOW HITPOINT WARNING * * *
Maggie casts a spell at you. The bolt of fire hits you! You resist.
You die...

.### ... . .. #...##.#
#...##..#########
#.#.............
...#.....#.#.# #
#..##^.).†∩..# ###.
#..###..h#.###
.....####...###)@..####.
.......†..<.# ##$#......
.......#.##.####....####
.......#.......#))#.##
.......###.......##..##
.......................
.......>.......##..#....
..#######.#.#?.##.....#.


You could see Maggie (mesmerising).

Vanquished Creatures
  Prince Ribbit (D:7)
  Sigmund (D:2)
  Menkaure (D:5)
  A sky beast (D:7)
  An ice beast (D:6)
  A kobold brigand (Sewer)
  A wyvern zombie (D:7)
  2 bullfrogs
  Blork the orc (D:6)
  3 scorpions
  A wight (D:7)
  A crimson imp (D:5)
  A centaur zombie (D:7)
  4 hounds
  2 iguanas
  Ijyb (D:5)
  3 orc wizards
  A killer bee zombie (D:7)
  3 gnolls (D:6)
  8 adders
  3 river rats
  A white imp (D:5)
  2 ufetubi (D:6)
  4 worms
  2 dart slugs (D:4)
  16 orcs
  5 bats
  6 endoplasms
  3 giant cockroaches
  2 goblins
  6 hobgoblins
  18 kobolds
  6 quokkas
  11 ball pythons
  4 frilled lizards
  25 rats
152 creatures vanquished.

Notes
Turn   | Place    | Note
-------+----------+-------------------------------------------
     0 | D:1      | LeprechaunX the Octopode Shapeshifter began the quest for
                  | the Orb.
     0 | D:1      | Reached XP level 1. HP: 13/13 MP: 1/1
   205 | D:1      | Reached XP level 2. HP: 18/18 MP: 2/2
   663 | D:2      | Reached XP level 3. HP: 23/23 MP: 3/3
   716 | D:2      | Found a snail-covered altar of Cheibriados.
  1084 | D:2      | Noticed Sigmund
  1093 | D:2      | Killed Sigmund
  1094 | D:2      | Reached skill level 1 in Shields
  1094 | D:2      | Reached skill level 4 in Shapeshifting
  1094 | D:2      | Reached XP level 4. HP: 17/30 MP: 4/4
  1094 | D:2      | Reached XP level 5. HP: 20/35 MP: 5/5
  1617 | D:2      | Identified the +9 hand axe of the Valley {heavy, rElec
                  | Int+3}
  1986 | D:3      | Identified the "Vapturom"
  2043 | D:3      | Found a faded altar of an unknown god.
  2135 | D:3      | Reached XP level 6. HP: 41/41 MP: 6/6
  2299 | D:3      | Identified the ring of False Hope {rPois AC+4 SInv}
  2958 | D:4      | Found Resuerau's Armour Emporium.
  3109 | D:4      | Found a bloodstained altar of Trog.
  4006 | D:5      | Entered Level 5 of the Dungeon
  4067 | D:5      | Reached skill level 5 in Shapeshifting
  4067 | D:5      | Reached XP level 7. HP: 46/46 MP: 7/7
  4145 | D:5      | Found a burning altar of Makhleb.
  4305 | D:5      | Found a runed translucent door.
  4305 | D:5      | Noticed Ijyb
  4306 | D:5      | Noticed Crazy Yiuf
  4309 | D:5      | Killed Ijyb
  4390 | D:5      | Noticed Menkaure
  4405 | D:5      | Killed Menkaure
  4406 | D:5      | Reached skill level 1 in Ranged Weapons
  4990 | D:6      | Reached XP level 8. HP: 40/54 MP: 8/8
  5103 | D:6      | Found a glowing drain.
  5121 | Sewer    | Entered a sewer
  5278 | Sewer    | Reached skill level 5 in Unarmed Combat
  5278 | Sewer    | Reached skill level 6 in Shapeshifting
  5684 | D:6      | Found a stormy altar of Qazlal.
  5686 | D:6      | Noticed Blork the orc
  5696 | D:6      | Killed Blork the orc
  5932 | D:7      | Noticed Maggie
  5982 | D:7      | Found Hionil's Book Shop.
  5983 | D:7      | Noticed Prince Ribbit
  6018 | D:7      | Killed Prince Ribbit
  6019 | D:7      | Reached XP level 9. HP: 28/60 MP: 9/9
  6022 | D:7      | HP: 4/90 [Maggie/+1 glaive of freezing (12)]
  6024 | D:7      | Gained mutation: You are agile. (Dex +4, Str/Int -1)
                  | [potion of mutation]
  6024 | D:7      | Gained mutation: You are very agile. (Dex +8, Str/Int -2)
                  | [potion of mutation]
  6030 | D:7      | Reached skill level 7 in Shapeshifting
  6045 | D:7      | Killed from afar by Maggie

Illustrated notes

Levels and vault maps discovered:
D:1:      sevenhm_arrival_forest_fort_large_2, layout_rooms
D:2:      layout_basic, basic_altar, uniq_sigmund
D:3:      layout_loops_ring, shapermc_ecumenical_altar_petra, amethyst_killhole
D:4:      layout_layer_cave, trog_three_pillars_becter, serial_shops,
          nicolae_shop_trees, nicolae_hexahallways
D:5:      layout_loops_ring, kennysheep_mini, minmay_fire_ice_demons,
          uniq_crazy_yiuf_cottage, uniq_ijyb, uniq_menkaure
D:6:      layout_loops_ring, mainiacjoe_overflow_small_starburst,
          portal_sewer_entry_a, uniq_blork_the_orc
D:7:      layout_rooms, mainiacjoe_overflow_brackets,
          minmay_temple_entry_statues_fountains, serial_shops,
          nicolae_shop_crystal, serial_undead, serial_undead_e, serial_undead_c,
          serial_undead_d, serial_undead_a, serial_undead_e, serial_undead_d,
          serial_undead_b, serial_undead_d, ebering_ghost_reflecting_pool,
          uniq_maggie, uniq_prince_ribbit1, uniq_duvessa

Skill      XL: |  1  2  3  4  5  6  7  8  9 |
---------------+----------------------------+-----
Fighting       | 2 3 4 |  4.9
Shields        | 1 2 3 4 |  4.4
Shapeshifting  | 4 5 6 7 |  7.0
Unarmed Combat | 4 5 |  5.6
Ranged Weapons | 1 3 |  3.5
Dodging        | |  2.0

Action                     |  1- 3 |  4- 6 |  7- 9 || total
---------------------------+-------+-------+-------++-------
  Melee: Unarmed           |    39 |    11 |       ||    50
         Constrict         |    10 |    17 |    19 ||    46
         Tentacles         |     8 |     8 |    11 ||    27
         Hand axe          |       |    52 |   112 ||   164
         Punch             |       |       |     6 ||     6
   Fire: Sling             |       |       |    12 ||    12
    Use: Potion            |       |       |     7 ||     7
   Stab: Sleeping          |    10 |    10 |     5 ||    25
 Armour: Skin              |    13 |    22 |   166 ||   201
  Dodge: Dodged            |    12 |    27 |   119 ||   158
  Block: Buckler           |     2 |     6 |    77 ||    85

Table legend: (Time is in decaauts)
 A = Elapsed time spent in this place.
 B = Non-inter-level travel time spent in this place.
 C = Inter-level travel time spent in this place.
 D = Time resting spent in this place.
 E = Time spent auto-exploring this place.
 F = Levels seen in this place.
 G = Mean time per level.
                   A        B        C        D        E       F      G
               +--------+--------+--------+--------+--------+-----+--------+
         Total |   6201 |   5738 |    463 |     18 |   4597 |   8 |  775.1 |
       Dungeon |   5770 |   5307 |    463 |     18 |   4352 |   7 |  824.3 |
         Sewer |    431 |    431 |      0 |      0 |    245 |   1 |  431.0 |
               +--------+--------+--------+--------+--------+-----+--------+

Top non-repeatable levels by time:
     D:2: 1353 daAuts
     D:4: 1260 daAuts
     D:5: 828 daAuts
     D:3: 805 daAuts
     D:6: 791 daAuts
     D:1: 631 daAuts
   Sewer: 431 daAuts
     D:7: 99 daAuts
